 Dungeon Crawl Stone Soup version 0.29-a0-352-g0917bc69df (webtiles) character file.

Game seed: 3050866588706935729

9779 sammy202020 the Grappler (level 11, 0/111 HPs)
             Began as a Troll Fighter on Apr 24, 2022.
             Was an Elder of Okawaru.
             Slain by an unseen horror (5 damage)
             ... on level 11 of the Dungeon.
             The game lasted 00:17:19 (8856 turns).

sammy202020 the Grappler (Troll Fighter)            Turns: 8856, Time: 00:17:19

Health: 0/111      AC:  8    Str: 26    XL:     11   Next: 27%
Magic:  11/11      EV: 10    Int:  8    God:    Okawaru [****..]
Gold:   326        SH: 14    Dex: 11    Spells: 10/10 levels left

rFire   . . .      SeeInvis .     - Unarmed
rCold   . . .      Faith    .   b - +0 kite shield
rNeg    + . .      Spirit   .   E - +3 robe of Zuzxuin {rN+}
rPois   +          Reflect  +   (helmet restricted)
rElec   .          Harm     .   B - +0 cloak
rCorr   .          Rampage  .   (gloves unavailable)
Will    .....                   (boots unavailable)
Stlth   +.........              n - amulet of reflection
HPRegen 1.08/turn               m - +4 ring of slaying
MPRegen 0.12/turn               p - ring of poison resistance

@: no status effects
A: large, unfitting armour, claws 3, regeneration 1, shaggy fur 1, tough skin 1,
horns 1, agile 1, subdued magic 1
a: Renounce Religion, Heroism, Finesse


You were on level 11 of the Dungeon.
You worshipped Okawaru.
Okawaru was greatly pleased with you.
You visited 2 branches of the dungeon, and saw 12 of its levels.
You also visited: Sewer.

You collected 430 gold pieces.
You spent 104 gold pieces at shops.

Inventory:

Hand Weapons
 h - a +0 club
 l - a +0 flail
 r - a +1 whip of freezing
 t - a +1 dire flail of protection
 y - a +0 shortbow
Missiles
 J - 9 large rocks (quivered)
Armour
 b - a +0 kite shield (worn)
 B - a +0 cloak (worn)
 E - the +3 robe of Zuzxuin (worn) {rN+}
   (You found it on level 8 of the Dungeon)

   rN:        It protects you from negative energy.
Jewellery
 j - an amulet of faith
 k - a +6 ring of intelligence
 m - a +4 ring of slaying (left claw)
 n - an amulet of reflection (around neck)
 o - an amulet of magic regeneration
 p - a ring of poison resistance (right claw)
 G - a +4 ring of protection
 I - a ring of positive energy
 Q - a +6 ring of strength
Wands
 s - a wand of polymorph (8)
 u - a wand of flame (36)
 D - a wand of acid (10)
Scrolls
 a - 2 scrolls of fog
 f - a scroll of blinking
 i - 6 scrolls of teleportation
 C - a scroll of magic mapping
 K - a scroll of identify
 L - a scroll of holy word {unknown}
 M - a scroll of enchant weapon {unknown}
 N - 3 scrolls of silence
 O - 2 scrolls of acquirement {unknown}
 R - a scroll of enchant armour {unknown}
Potions
 c - 4 potions of might
 d - 5 potions of lignification
 e - 3 potions of cancellation
 g - 2 potions of attraction
 q - 5 potions of magic
 v - a potion of ambrosia
 w - 3 potions of mutation
 x - a potion of resistance {unknown}
 z - a potion of invisibility
 A - a potion of flight {unknown}
 F - a potion of heal wounds
 P - 2 potions of haste


   Skills:
 * Level 8.2 Fighting
 + Level 5.8 Maces & Flails
 + Level 2.5 Armour
 + Level 6.0 Dodging
 + Level 6.0 Shields
 * Level 9.5 Unarmed Combat
 + Level 1.8 Invocations


You had 10 spell levels left.
You didn't know any spells.
Your spell library contained the following spells:

 Spells                   Type           Power      Damage    Failure   Level
 Apportation              Tloc           0%         N/A       63%         1
 Slow                     Hex            0%         N/A       63%         1
 Corpse Rot               Necr/Air       0%         N/A       77%         2
 Poisonous Vapours        Pois/Air       0%         N/A       77%         2
 Confusing Touch          Hex            0%         N/A       94%         3
 Ignite Poison            Fire/Tmut/Pois 0%         N/A       94%         3
 Mephitic Cloud           Conj/Pois/Air  0%         N/A       94%         3
 Vampiric Draining        Necr           0%         2d6       94%         3
 Dispel Undead            Necr           0%         3d6       100%        4
 Freezing Cloud           Conj/Ice/Air   0%         6-21      100%        5
 Animate Skeleton         Necr           Unusable   N/A       N/A         1
 Summon Small Mammal      Summ           Unusable   N/A       N/A         1
 Death Channel            Necr           Unusable   N/A       N/A         6

Dungeon Overview and Level Annotations

Branches:
Dungeon (11/15)            Temple (1/1) D:7           Sewer (visited)
   Lair: D:8-11         Orc: D:9-12

Altars:
Ashenzari
Cheibriados
Dithmenos
Fedhas
Gozag
Hepliaklqana
Kikubaaqudgha
Nemelex Xobeh
Okawaru
Ru
Vehumet
Wu Jian
Xom
Yredelemnul
The Shining One

Shops:
D:3 !   D:8 [


Innate Abilities, Weirdness & Mutations

You are too large for most types of armour.
You have claws for hands.
Your natural rate of healing is unusually fast.
You are covered in fur. (AC +1)
You have tough skin. (AC +1)
You have a pair of small horns on your head.
You are agile. (Dex +2)
Your spells are a little easier to cast, but a little less powerful.


Message History

Something hits you.
* * * LOW HITPOINT WARNING * * *
You block something's attack.
You see here a +0 mace.
Something hits you.
* * * LOW HITPOINT WARNING * * *
Something hits you.
* * * LOW HITPOINT WARNING * * *
Something hits you.
* * * LOW HITPOINT WARNING * * *
You block something's attack. Something hits you.
* * * LOW HITPOINT WARNING * * *
Something hits you.
* * * LOW HITPOINT WARNING * * *
Something hits you!
* * * LOW HITPOINT WARNING * * *
Something hits you but does no damage. Something hits you.
* * * LOW HITPOINT WARNING * * *
Something hits you!
* * * LOW HITPOINT WARNING * * *
You closely miss something. You headbutt something! Something hits you.
* * * LOW HITPOINT WARNING * * *
Something hits you.
* * * LOW HITPOINT WARNING * * *
You block something's attack.
You feel much better. Something hits you.
* * * LOW HITPOINT WARNING * * *
You closely miss something. You headbutt something. Something hits you.
* * * LOW HITPOINT WARNING * * *
Something hits you.
* * * LOW HITPOINT WARNING * * *
You claw something! Your headbutt misses something. Something hits you.
* * * LOW HITPOINT WARNING * * *
You scratch something. Something hits you but does no damage.
You miss something. Something hits you.
* * * LOW HITPOINT WARNING * * *
Something hits you.
You die...

.###..........#......# ##
#.##.....#.###.####
####.##.##....##..#
....>#..##.#####^##
...##..###.# #.#
##....####.# #.#
........##.#####.#
#######..........# #### ##
####.####{@# #...## .###
#.# ##.##.....## ...## #.#
#..)......# ##..######.#
#.........#
##....##..#####.#)).....#
######>##.##............##
.............###.##(...(#
######..##...# #.# ......#
#.## ##.# #.# ..$...#


There were no monsters in sight!

Vanquished Creatures
  A boulder beetle (D:7)
  Pikel (D:6)
  A cyclops (D:11)
  A gargoyle (D:10)
  3 trolls
  Prince Ribbit (D:5)
  A hornet (D:9)
  Grinder (D:3)
  Sigmund (D:5)
  14 yaks
  A wyvern (D:7)
  3 wraiths
  A steam dragon (D:6)
  2 water moccasins (D:8)
  Edmund (D:5)
  An acid dragon (D:10)
  Duvessa (D:5)
  4 orc warriors
  A black bear (D:4)
  An ogre (D:5)
  4 centaurs
  A kobold brigand (Sewer)
  A bullfrog (D:7)
  3 scorpions
  Blork the orc (D:5)
  3 gnoll sergeants
  Dowan (D:5)
  15 killer bees (D:10)
  5 howler monkeys
  3 jellies
  2 quasits (Sewer)
  3 hounds (D:5)
  5 orc priests
  4 iguanas
  8 orc wizards
  13 gnolls
  6 adders
  9 shadow imps
  4 ufetubi
  2 adder zombies (Sewer)
  2 worms
  2 dart slugs (D:1)
  26 orcs
  2 bats
  6 endoplasms
  9 giant cockroaches
  13 goblins
  7 hobgoblins
  6 jackals
  19 kobolds
  8 quokkas
  3 ball pythons
  3 frilled lizards (D:1)
  7 rats
247 creatures vanquished.

Vanquished Creatures (others)
  A bat zombie (Sewer)
  3 plants
4 creatures vanquished.

Grand Total: 251 creatures vanquished

Notes
Turn   | Place    | Note
-------+----------+-------------------------------------------
     0 | D:1      | sammy202020 the Troll Fighter began the quest for the Orb.
     0 | D:1      | Reached XP level 1. HP: 22/22 MP: 0/0
    81 | D:1      | Reached XP level 2. HP: 27/29 MP: 1/1
   239 | D:1      | Reached XP level 3. HP: 34/36 MP: 2/2
   396 | D:1      | Found a faded altar of an unknown god.
   905 | D:2      | Reached skill level 3 in Unarmed Combat
   905 | D:2      | Reached XP level 4. HP: 12/45 MP: 3/3
   981 | D:2      | Reached skill level 1 in Maces & Flails
  1679 | D:3      | Noticed Grinder
  1680 | D:3      | Found Cuil's Distillery.
  1684 | D:3      | Paralysed by Grinder for 6 turns
  1696 | D:3      | Paralysed by Grinder for 4 turns
  1707 | D:3      | Killed Grinder
  1708 | D:3      | Reached XP level 5. HP: 44/54 MP: 4/4
  1708 | D:3      | Reached XP level 6. HP: 50/62 MP: 5/5
  2007 | D:3      | Found a glowing drain.
  2025 | Sewer    | Entered a sewer
  2116 | Sewer    | Reached skill level 4 in Unarmed Combat
  2163 | Sewer    | Found a burning altar of Makhleb.
  2259 | Sewer    | Reached XP level 7. HP: 35/70 MP: 6/6
  2640 | D:4      | Found a sparkling altar of Nemelex Xobeh.
  2655 | D:4      | Found a sacrificial altar of Ru.
  2660 | D:4      | Found an opulent altar of Gozag.
  2803 | D:3      | Bought a potion of mutation for 104 gold pieces
  2803 | D:3      | Gained mutation: You sometimes lose the ability to read
                  | scrolls when taking damage. [potion of mutation]
  2803 | D:3      | Gained mutation: You have a somewhat thin skeletal
                  | structure. (Dex +2, Stealth+) [potion of mutation]
  2803 | D:3      | Gained mutation: You occasionally shout uncontrollably at
                  | your foes. [potion of mutation]
  2804 | D:3      | Lost mutation: You sometimes lose the ability to read
                  | scrolls when taking damage. [potion of mutation]
  2804 | D:3      | Lost mutation: You have a somewhat thin skeletal structure.
                  | (Dex +2, Stealth+) [potion of mutation]
  2804 | D:3      | Lost mutation: You occasionally shout uncontrollably at
                  | your foes. [potion of mutation]
  2804 | D:3      | Gained mutation: Your spells are a little easier to cast,
                  | but a little less powerful. [potion of mutation]
  2804 | D:3      | Gained mutation: You are agile. (Dex +2) [potion of
                  | mutation]
  2804 | D:3      | Gained mutation: You have a pair of small horns on your
                  | head. [potion of mutation]
  2836 | D:5      | Entered Level 5 of the Dungeon
  2876 | D:5      | Found a hazy altar of Hepliaklqana.
  2880 | D:5      | Noticed Dowan
  2883 | D:5      | Noticed Duvessa
  2889 | D:5      | Killed Dowan
  2900 | D:5      | HP: 3/106 [Duvessa/+0 short sword (4)]
  2902 | D:5      | Killed Duvessa
  2965 | D:5      | Reached skill level 5 in Unarmed Combat
  2978 | D:5      | Noticed Prince Ribbit
  2991 | D:5      | Killed Prince Ribbit
  2992 | D:5      | Reached XP level 8. HP: 52/79 MP: 7/7
  3023 | D:5      | Noticed Sigmund
  3030 | D:5      | Killed Sigmund
  3031 | D:5      | Reached skill level 5 in Fighting
  3086 | D:5      | Noticed Blork the orc
  3089 | D:5      | Noticed Edmund
  3094 | D:5      | Killed Blork the orc
  3112 | D:5      | Killed Edmund
  3227 | D:5      | Reached skill level 6 in Unarmed Combat
  3904 | D:6      | Noticed Pikel
  3919 | D:6      | Killed Pikel
  3920 | D:6      | Reached XP level 9. HP: 30/89 MP: 8/8
  4142 | D:6      | Reached skill level 7 in Unarmed Combat
  4249 | D:6      | Found a blossoming altar of Fedhas.
  4262 | D:6      | You fall into a shaft and drop 1 floor!
  4262 | D:7      | Noticed a rust devil
  4262 | D:7      | Noticed a rust devil
  4287 | D:7      | HP: 3/89 [rust devil (12)]
  4290 | D:7      | Found an ornate altar of the Wu Jian Council.
  4802 | D:7      | Noticed a boulder beetle
  4826 | D:7      | Killed a boulder beetle
  4827 | D:7      | Reached skill level 5 in Dodging
  4827 | D:7      | Reached skill level 5 in Shields
  5204 | D:7      | Found a staircase to the Ecumenical Temple.
  5330 | Temple   | Entered the Ecumenical Temple
  5367 | Temple   | Became a worshipper of Warmaster Okawaru
  5568 | D:8      | Found a shadowy altar of Dithmenos.
  5638 | D:8      | Found Gidghuucs's Antique Armour Emporium.
  5648 | D:8      | Reached skill level 8 in Unarmed Combat
  5648 | D:8      | Reached XP level 10. HP: 79/100 MP: 9/9
  5705 | D:8      | Found a shimmering altar of Xom.
  5993 | D:8      | Identified the +3 robe of Zuzxuin {rN+}
  6010 | D:8      | Reached * piety under Okawaru
  6014 | D:8      | Reached skill level 5 in Maces & Flails
  6310 | D:9      | Found a broken altar of Ashenzari.
  6594 | D:9      | Reached skill level 1 in Armour
  7318 | D:10     | Entered Level 10 of the Dungeon
  7418 | D:10     | Reached ** piety under Okawaru
  7576 | D:10     | Reached skill level 9 in Unarmed Combat
  8040 | D:10     | Found a snail-covered altar of Cheibriados.
  8099 | D:10     | Reached skill level 1 in Invocations
  8103 | D:10     | Reached *** piety under Okawaru
  8104 | D:10     | Reached XP level 11. HP: 87/111 MP: 10/10
  8357 | D:10     | Found a glowing golden altar of the Shining One.
  8823 | D:11     | Reached **** piety under Okawaru
  8848 | D:11     | HP: 2/111 [something (5)]
  8855 | D:11     | HP: 4/111 [something (6)]
  8856 | D:11     | Slain by an unseen horror

Illustrated notes

Levels and vault maps discovered:
D:1:      scummos_arrival_hexagon, layout_basic,
          shapermc_ecumenical_altar_hornbeckon
D:2:      layout_basic
D:3:      layout_basic, portal_sewer_entry_f, serial_shops, shop, uniq_grinder
D:4:      layout_rooms, minmay_overflow_temple_star_quad
D:5:      layout_basic, nicolae_hepliaklqana_hazy_memory,
          grunt_decor_resistance, uniq_edmund, uniq_duvessa, uniq_sigmund,
          uniq_blork_the_orc, uniq_prince_ribbit1
D:6:      layout_loops_ring, general_overflow_altar, lightli_temple_of_fire,
          minmay_misc_feat_roman, uniq_pikel
D:7:      cheibrodos_iron_armory, layout_loops_ring,
          nicolae_overflow_crystal_walls, minmay_temple_entry_nine_rooms
D:8:      layout_basic, mainiacjoe_overflow_24_doors,
          mainiacjoe_overflow_tiny_flanked, serial_shops, kennysheep_mini
D:9:      wad_woods_pond, layout_basic, evilmike_ruin_ashenzari,
          nicolae_concentric_dashed_squares_mild
D:10:     layout_stronghold, mainiacjoe_overflow_surrounded_room,
          mainiacjoe_overflow_alcove_2
D:11:     layout_rooms, erik_lair_dragon
Temple:   jpeg_temple_alley_garden

Skill      XL: |  1  2  3  4  5  6  7  8  9 10 11 |
---------------+----------------------------------+-----
Fighting       | 3 4 5 6 7 8 |  8.2
Unarmed Combat | 3 4 5 6 8 9 |  9.5
Maces & Flails | 1 2 3 4 5 |  5.8
Dodging        | 3 4 5 6 |  6.0
Shields        | 3 4 5 6 |  6.0
Armour         | 2 |  2.5
Invocations    | 1 |  1.8

Action                   |  1- 3 |  4- 6 |  7- 9 | 10-12 || total
-------------------------+-------+-------+-------+-------++-------
Melee: Unarmed           |   105 |   139 |   181 |   240 ||   665
       Headbutt          |       |       |    37 |    57 ||    94
Throw: Throwing net      |       |       |       |     2 ||     2
Invok: Heroism           |       |       |       |     1 ||     1
  Use: Scroll            |       |     7 |    11 |     3 ||    21
       Potion            |       |       |     8 |     2 ||    10
Armor: Robe              |    30 |    37 |    22 |    68 ||   157
       Skin              |       |       |     1 |       ||     1
Dodge: Dodged            |    31 |    65 |    48 |   110 ||   254
Block: Kite shield       |    32 |    49 |    77 |   206 ||   364
       Reflection        |       |       |     5 |     5 ||    10

Table legend: (Time is in decaauts)
 A = Elapsed time spent in this place.
 B = Non-inter-level travel time spent in this place.
 C = Inter-level travel time spent in this place.
 D = Time resting spent in this place.
 E = Time spent auto-exploring this place.
 F = Levels seen in this place.
 G = Mean time per level.
                   A        B        C        D        E       F      G
               +--------+--------+--------+--------+--------+-----+--------+
         Total |   8897 |   8444 |    453 |    628 |   6014 |  13 |  684.4 |
       Dungeon |   8438 |   7991 |    447 |    628 |   5831 |  11 |  767.1 |
        Temple |     65 |     59 |      6 |      0 |     30 |   1 |   65.0 |
         Sewer |    393 |    393 |      0 |      0 |    153 |   1 |  393.0 |
               +--------+--------+--------+--------+--------+-----+--------+

Top non-repeatable levels by time:
    D:10: 1203 daAuts
     D:7: 1144 daAuts
     D:2: 1035 daAuts
     D:9: 1034 daAuts
     D:5: 1019 daAuts
     D:8: 817 daAuts
     D:1: 598 daAuts
     D:3: 510 daAuts
     D:6: 407 daAuts
   Sewer: 393 daAuts
     D:4: 337 daAuts
    D:11: 331 daAuts
  Temple: 65 daAuts
